 Dungeon Crawl Stone Soup version 0.29-a0-330-g52719c12eb (webtiles) character file.

Game seed: 8434774857430977204

112 Gwenloh the Skirmisher (level 4, -2/35 HPs)
             Began as a Mummy Monk on Apr 23, 2022.
             Slain by a scorpion (6 damage)
             ... on level 4 of the Dungeon.
             The game lasted 00:08:25 (3778 turns).

Gwenloh the Skirmisher (Mummy Monk)                 Turns: 3778, Time: 00:08:27

Health: -2/35      AC:  3    Str: 14    XL:     4   Next: 64%
Magic:  0/7        EV: 11    Int: 11    God:
Gold:   205        SH:  4    Dex: 14    Spells: 7/7 levels left

rFire   x . .      SeeInvis .   a - +0 whip
rCold   + . .      Faith    .   c - +0 buckler
rNeg    + + +      Spirit   +   f - +0 leather armour
rPois   ∞          Reflect  .   (no helmet)
rElec   .          Harm     .   (no cloak)
rCorr   .          Rampage  .   (no gloves)
Will    .....                   (no boots)
Stlth   ++........              m - amulet of guardian spirit
HPRegen 0.11/turn               (no ring)
MPRegen 0.10/turn               (no ring)

@: no status effects
A: cold resistance 1, negative energy resistance 3, torment resistance 2, heat
vulnerability 1, in touch with death 1, no potions
a: no special abilities


You were on level 4 of the Dungeon.
You visited 1 branch of the dungeon, and saw 4 of its levels.

You collected 205 gold pieces.

Inventory:

Hand Weapons
 a - a +0 whip (weapon)
 b - a +0 fustibalus
 k - a +0 mace
 l - a +0 flail
Missiles
 o - 21 stones (quivered)
 p - 2 poisoned darts
Armour
 c - a +0 buckler (worn)
 f - a +0 leather armour (worn)
 r - a +0 robe
Magical Staves
 q - a staff of cold
Jewellery
 m - an amulet of guardian spirit (around neck)
Scrolls
 e - a scroll of enchant armour
 g - a scroll of enchant weapon
 h - a scroll of teleportation
 i - a scroll of vulnerability
 j - a scroll of noise {unknown}
 n - a scroll of immolation {unknown}
 s - a scroll of amnesia {unknown}
 t - a scroll of holy word {unknown}


   Skills:
 + Level 3.5 Fighting
 - Level 2.5 Maces & Flails
 + Level 1.1 Armour
 - Level 2.5 Dodging
 + Level 2.3 Stealth
 + Level 1.1 Shields
 + Level 2.1 Spellcasting


You had 7 spell levels left.
You didn't know any spells.
Your spell library contained the following spells:

 Spells                   Type           Power      Damage    Failure   Level
 Animate Skeleton         Necr           2%         N/A       43%         1
 Pain                     Necr           4%         1d4       43%         1
 Vampiric Draining        Necr           1%         2d6       82%         3


Dungeon Overview and Level Annotations

Branches:
Dungeon (4/15)
 Temple: D:4-7

Altars:


Innate Abilities, Weirdness & Mutations

You are immune to poison.
Your flesh is cold resistant. (rC+)
You are immune to negative energy. (rN+++)
You are immune to unholy pain and torment.
You are vulnerable to heat. (rF-)
You are in touch with the powers of death.
You do not drink.


Message History

You hit the scorpion.
The scorpion is heavily wounded.
The scorpion stings you!
You are too injured to fight recklessly!
You are too injured to fight recklessly!
You are too injured to fight recklessly!
You hit the scorpion but do no damage.
The scorpion is heavily wounded.
The scorpion stings you.
You hit the scorpion but do no damage.
The scorpion is heavily wounded.
The scorpion barely misses you.
You closely miss the scorpion.
The scorpion is heavily wounded.
The scorpion stings you.
* * * LOW HITPOINT WARNING * * *
You barely miss the scorpion.
The scorpion is heavily wounded.
The scorpion stings you but does no damage.
You hit the scorpion.
The scorpion is severely wounded.
The scorpion stings you.
* * * LOW HITPOINT WARNING * * *
You closely miss the scorpion.
The scorpion is severely wounded.
The scorpion closely misses you.
You closely miss the scorpion.
The scorpion is severely wounded.
The scorpion closely misses you. The scorpion barely misses you.
You barely miss the scorpion.
The scorpion is severely wounded.
The scorpion stings you.
* * * LOW HITPOINT WARNING * * *
You closely miss the scorpion.
The scorpion is severely wounded.
The scorpion stings you but does no damage.
You hit the scorpion.
The scorpion is almost dead.
The scorpion stings you!
You die...

### .....#
... .....#
###.##.....#
#..........#
#......#
#......#
#)#+#### #s#
#@# ###


You could see a scorpion.

Vanquished Creatures
  A gnoll (D:4)
  2 adders (D:2)
  A white imp (D:3)
  An ufetubus (D:3)
  3 dart slugs
  An orc (D:3)
  4 ball pythons
  7 endoplasms
  3 giant cockroaches
  9 hobgoblins
  3 quokkas
  4 bats
  5 frilled lizards
  6 goblins
  9 kobolds
  4 rats
63 creatures vanquished.

Notes
Turn   | Place    | Note
-------+----------+-------------------------------------------
     0 | D:1      | Gwenloh the Mummy Monk began the quest for the Orb.
     0 | D:1      | Reached XP level 1. HP: 18/18 MP: 1/1
   224 | D:1      | Reached XP level 2. HP: 24/24 MP: 1/3
   466 | D:1      | Reached skill level 1 in Spellcasting
  1216 | D:1      | Found a faded altar of an unknown god.
  1221 | D:1      | Gained mutation: You are in touch with the powers of death.
                  | [Mummy growth]
  1221 | D:1      | Reached XP level 3. HP: 25/29 MP: 4/4
  1995 | D:2      | Reached XP level 4. HP: 30/35 MP: 6/6
  2509 | D:3      | Reached skill level 1 in Shields
  2534 | D:3      | Reached skill level 1 in Armour
  3754 | D:4      | Noticed a scorpion
  3778 | D:4      | Slain by a scorpion

Illustrated notes

Levels and vault maps discovered:
D:1:      heliophobic_arrival_dark_side_of_the_moon, layout_loops_ring,
          hellmonk_ecumenical_altar_leap_of_faith, minmay_domino_4
D:2:      layout_rooms, moated_statue, minmay_surrounded
D:3:      minmay_recursive_quarters, layout_basic
D:4:      cheibrodos_barr_body, layout_basic

Skill      XL: |  1  2  3  4 |
---------------+-------------+-----
Spellcasting   | 1 2 |  2.1
Stealth        | 2 |  2.3
Shields        | 1 |  1.1
Armour         | 1 |  1.1
Fighting       | |  3.5
Maces & Flails | |  2.5
Dodging        | |  2.5

Action                   |  1- 3 |  4- 6 || total
-------------------------+-------+-------++-------
Melee: Mace              |   112 |       ||   112
       Whip              |    20 |    99 ||   119
 Fire: Fustibalus        |       |    11 ||    11
Throw: Stone             |    18 |    22 ||    40
  Use: Scroll            |       |     4 ||     4
 Stab: Sleeping          |     5 |       ||     5
Armor: Robe              |     4 |       ||     4
       Leather armour    |    22 |    26 ||    48
Dodge: Dodged            |    73 |    45 ||   118
Block: Buckler           |    12 |    12 ||    24

Table legend: (Time is in decaauts)
 A = Elapsed time spent in this place.
 B = Non-inter-level travel time spent in this place.
 C = Inter-level travel time spent in this place.
 D = Time resting spent in this place.
 E = Time spent auto-exploring this place.
 F = Levels seen in this place.
 G = Mean time per level.
                   A        B        C        D        E       F      G
               +--------+--------+--------+--------+--------+-----+--------+
         Total |   3828 |   3778 |     50 |    174 |   2870 |   4 |  957.0 |
       Dungeon |   3828 |   3778 |     50 |    174 |   2870 |   4 |  957.0 |
               +--------+--------+--------+--------+--------+-----+--------+

Top non-repeatable levels by time:
     D:3: 1486 daAuts
     D:1: 1372 daAuts
     D:2: 900 daAuts
     D:4: 69 daAuts
